[Event "Late-Titled-Tuesday-Blitz-November-28-2023"]
[Site "Chess.com"]
[Date "2023.11.28"]
[Round "1"]
[White "MNyuyu"]
[Black "jefferyx"]
[Result "1/2-1/2"]
[WhiteElo "2487"]
[BlackElo "2976"]
[TimeControl "180+1"]
[EndTime "14:07:00 PST"]
[Termination "Game drawn by repetition"]

1. d4 Nf6 2. c4 e6 3. Nc3 Bb4 4. Qc2 d5 5. Nf3 dxc4 6. e4 b5 7. a4 c6 8. Be2 Bb7 9. O-O a6 10. Bg5 h6 11. Bh4 Nbd7 12. Rfd1 Qb6 13. b3 cxb3 14.
Qxb3 Bxc3 15. Qxc3 Nxe4 16. Qb4 a5 17. Qb1 Nd6 18. Bg3 Nf5 19. axb5 Nxg3 20. hxg3 O-O 21. bxc6 Bxc6 22. Qa2 a4 23. Rab1 Qa5 24. Rdc1 Bd5 25. Bc4 Nb6 26. Bxd5 Nxd5 27. Qa3 Rfb8 28.
Ne5 Rxb1 29. Rxb1 Qc3 30. Qd6 Qc4 31. Rb8+ Rxb8 32. Qxb8+ Kh7 33. Nxf7 Qxd4 34. Kh2 a3 35.
f4 a2 36. Qh8+ Kg6 37. Qe8 Qf6 38. Ne5+ Kf5 39. Qa4 Ne3 40. Qxa2 Ng4+ 41. Nxg4 Kxg4 42. Qe2+ Kf5 43. Qd3+ Kg4 44. Qf3+ Kf5 45. Qd3+ Kg4 46.
Qf3+ Kf5 47. Qd3+ 1/2-1/2

[Event "Late-Titled-Tuesday-Blitz-November-28-2023"]
[Site "Chess.com"]
[Date "2023.11.28"]
[Round "1"]
[White "DucksParadise"]
[Black "LiemLe"]
[Result "0-1"]
[WhiteElo "2500"]
[BlackElo "3126"]
[TimeControl "180+1"]
[EndTime "14:07:01 PST"]
[Termination "LiemLe won by checkmate"]

1. e4 c5 2. Nc3 Nc6 3. Bb5 g6 4.
Bxc6 bxc6 5. d3 Bg7 6. f4 d6 7. Nf3 Rb8 8. O-O Nf6 9. Qe1 Bg4 10.
Qh4 Bxf3 11. Rxf3 Nd7 12. e5 dxe5 13. f5 Rb4 14. Ne4 Nf6 15. Bh6 Bxh6 16. Qxh6 Nxe4 17. dxe4 Qd4+ 18. Kh1 Qxe4 19. Qg7 Rf8 20. f6 Qd5 21. Rd3 Rd4 22. fxe7 Kxe7 23. Re1 Re4 24. Red1 Qe6 25. h3 Rd4 26. Re1 e4 27. Rxd4 cxd4 28. Qxd4 f5 29. Qxa7+ Qd7 30. Qc5+ Qd6 31. Qa7+ Qd7 32. Qc5+ Kf7 33.
Re3 Rd8 34. Ra3 Qc7 35. Kg1 Rd1+ 36. Kf2 Qf4+ 37. Ke2 Qd2# 0-1

[Event "Late-Titled-Tuesday-Blitz-November-28-2023"]
[Site "Chess.com"]
[Date "2023.11.28"]
[Round "1"]
[White "NotFischer"]
[Black "subham777"]
[Result "0-1"]
[WhiteElo "2345"]
[BlackElo "2656"]
[TimeControl "180+1"]
[EndTime "14:07:01 PST"]
[Termination "subham777 won by checkmate"]

1. e4 e6 2. d4 d5 3. e5 c5 4.
c3 Nc6 5. Nf3 Qb6 6. Bd3 cxd4 7.
O-O Bd7 8. Re1 Nge7 9. h4 g6 10. Nbd2 Bg7 11. Nb3 dxc3 12. bxc3 h5 13. Ba3 O-O 14.
Rb1 Qd8 15. Bd6 Re8 16. Nc5 b6 17. Nb7 Qc8 18. Ba6 Nb8 19. Bxb8 Rxb8 20. Qe2 Rxb7 21. a4 Bc6 22. a5 Qc7 23. Bxb7 Bxb7 24. axb6 axb6 25.
Rec1 Bc6 26. c4 dxc4 27. Rxc4 Qb7 28. Rc3 Nd5 29. Rcb3 b5 30. Qb2 b4 31. Nd4 Bxe5 32. Qd2 Ba4 33. Rd3 Nf4 34. Rxb4 Qxg2# 0-1

[Event "Late-Titled-Tuesday-Blitz-November-28-2023"]
[Site "Chess.com"]
[Date "2023.11.28"]
[Round "1"]
[White "egnfanclub"]
[Black "r31415"]
[Result "1-0"]
[WhiteElo "2341"]
[BlackElo "2608"]
[TimeControl "180+1"]
[EndTime "14:07:01 PST"]
[Termination "egnfanclub won by resignation"]

1. e4 e5 2. Nf3 Nc6 3. d4 exd4 4. Bc4 Nf6 5. O-O d6 6. c3 dxc3 7. Qb3 Qd7 8. Nxc3 Be7 9. Bxf7+ Kd8 10. Ng5 Nd4 11. Qc4 c5 12. Bd5 Nxd5 13. Nf7+ Ke8 14. Nxh8 Nxc3 15. Qf7+ Kd8 16. bxc3 Ne2+ 17. Kh1 Bf6 18.
Qc4 Nxc3 19. Bg5 Nb5 20. Bxf6+ gxf6 21. Nf7+ Kc7 22. Rfd1 a6 23. a4 Qe6 24. Nxd6 Nxd6 25. Qxc5+ Kd7 26. Rac1 Ke7 27. Qh5 Ne8 28. Qxh7+ Qf7 29.
Qxf7+ Kxf7 30. Rd8 Ke7 31. Rcxc8 Rxc8 32. Rxc8 Nd6 33.
Rc7+ Ke6 34. f3 b5 35. axb5 axb5 36. Rc6 Kd7 37. Rc1 Nc4 38. h4 Kd6 39. h5 Ne5 40. h6 b4 41. h7 Nf7 42. Kg1 Ke5 43. Kf2 Kd4 44. Ke2 b3 45. Kd2 Ke5 46. g3 f5 47. exf5 Kxf5 48. Rc7 b2 49. Kc2 Kg6 50. Rxf7 b1=Q+ 51. Kxb1 Kg5 52. h8=Q Kg6 53. Qg8+ 1-0

[Event "Late-Titled-Tuesday-Blitz-November-28-2023"]
[Site "Chess.com"]
[Date "2023.11.28"]
[Round "1"]
[White "emeli_chess"]
[Black "Hasangatin_Ramil"]
[Result "0-1"]
[WhiteElo "2375"]
[BlackElo "2695"]
[TimeControl "180+1"]
[EndTime "14:07:02 PST"]
[Termination "Hasangatin_Ramil won on time"]

1. d4 d6 2. e4 Nf6 3. Bd3 e5 4. d5 Be7 5. c4 a5 6. Nc3 Na6 7. h3 O-O 8. Nf3 Nc5 9. Bc2 c6 10. O-O cxd5 11. cxd5 b5 12. Be3 b4 13. Bxc5 bxc3 14. Ba3 Ba6 15. Bd3 cxb2 16. Bxb2 Qb6 17. Rb1 Bxd3 18. Qxd3 Qa6 19. Qxa6 Rxa6 20. Nd2 Rc8 21.
Rfc1 Rxc1+ 22. Rxc1 g6 23. a4 Nh5 24. Rc8+ Kg7 25. Nc4 Nf4 26. Kf1 Nd3 27. Bc3 Nc5 28. Bxe5+ dxe5 29. d6 Rxd6 30. Rxc5 Rd1+ 31. Ke2 Rc1 32. Rc6 Rc2+ 33. Kd3 Rxf2 34. Nxa5 Rxg2 35. Nc4 Rg3+ 36. Kc2 Rxh3 37. a5 Rh1 38. Kb2 Bh4 39.
a6 Bf2 40. Nb6 Bd4+ 0-1

[Event "Late-Titled-Tuesday-Blitz-November-28-2023"]
[Site "Chess.com"]
[Date "2023.11.28"]
[Round "1"]
[White "DvaHrasta"]
[Black "MikeSailer"]
[Result "1-0"]
[WhiteElo "2523"]
[BlackElo "2066"]
[TimeControl "180+1"]
[EndTime "14:07:02 PST"]
[Termination "DvaHrasta won on time"]

1. c4 e6 2. d4 d5 3. Nf3 c5 4. cxd5 exd5 5. g3 Nc6 6. Bg2 Nf6 7.
O-O cxd4 8. Nxd4 Bc5 9. Be3 Qb6 10. Nxc6 Bxe3 11. Ne5 Bd4 12. Nd3 O-O 13. Nc3 Be6 14. Na4 Qd8 15. e3 Bb6 16. Nac5 Qe7 17. b4 a5 18. a3 Rfc8 19. Qb3 h6 20. h3 axb4 21.
axb4 Rxa1 22. Rxa1 Ne4 23. Nxe6 Qxe6 24. Nf4 Qf6 25. Rd1 Nc3 26. Nxd5 Nxd5 27. Bxd5 Qf5 28. Kg2 Re8 29. Bxb7 h5 30. Bf3 h4 31. g4 Qe5 32.
Rd5 Qa1 33. Rd7 1-0

[Event "Late-Titled-Tuesday-Blitz-November-28-2023"]
[Site "Chess.com"]
[Date "2023.11.28"]
[Round "1"]
[White "Cristi_Coca"]
[Black "MetiForce"]
[Result "0-1"]
[WhiteElo "2468"]
[BlackElo "2930"]
[TimeControl "180+1"]
[EndTime "14:07:03 PST"]
[Termination "MetiForce won by resignation"]

1. e4 c5 2. c3 Nf6 3. e5 Nd5 4. Nf3 d6 5. d4 cxd4 6. cxd4 Nc6 7. Bd2 dxe5 8. dxe5 g6 9. Nc3 Bg7 10.
Bc4 Nb6 11. Bb5 O-O 12. Qe2 Bg4 13. Bxc6 bxc6 14. Rd1 Qb8 15. Bf4 Bxf3 16. gxf3 e6 17. h4 Nd5 18. Nxd5 cxd5 19. h5 Qb4+ 20. Qd2 Rfb8 21. b3 a5 22. h6 Bf8 23. Ke2 a4 24.
Qxb4 Rxb4 25. Bd2 Rb5 26. bxa4 Rxa4 27. Rb1 Rc5 28. Rb2 d4 29. f4 f6 30. exf6 Kf7 31.
Rb7+ Kxf6 32. Rxh7 Rxa2 33. Rd7 Rcc2 34. h7 Rxd2+ 35.
Kf3 Rxf2+ 36. Kg3 Rg2+ 37. Kh3 Bg7 38. Rxg7 Kxg7 0-1

[Event "Late-Titled-Tuesday-Blitz-November-28-2023"]
[Site "Chess.com"]
[Date "2023.11.28"]
[Round "1"]
[White "MeisterJabo"]
[Black "Sanyura"]
[Result "1-0"]
[WhiteElo "2266"]
[BlackElo "2557"]
[TimeControl "180+1"]
[EndTime "14:07:03 PST"]
[Termination "MeisterJabo won on time"]

1. c4 Nf6 2. g3 g6 3. Bg2 Bg7 4. Nc3 d6 5. e4 O-O 6. d4 Nbd7 7.
Nge2 e5 8. O-O exd4 9. Nxd4 Nc5 10. Re1 Ng4 11. Nb3 Ne5 12. Nxc5 dxc5 13. Be3 Nxc4 14. Bxc5 Qxd1 15. Nxd1 Rd8 16. Rb1 Bg4 17. Ne3 Be6 18. Nxc4 Bxc4 19. b3 Bd3 20. Rbd1 Bb5 21. e5 Rxd1 22.
Rxd1 Bxe5 23. Bxb7 Rb8 24. Bd5 c6 25. Bf3 a5 26.
Rd7 a4 27. bxa4 Bxa4 28. Ra7 Rb1+ 29. Kg2 Bb5 30. h3 h5 31. h4 Ra1 32. Be4 Bf1+ 33. Kh2 Bc4 34. a3 Rc1 35. Be3 Re1 36. Bxc6 g5 37.
Ra5 1-0

[Event "Late-Titled-Tuesday-Blitz-November-28-2023"]
[Site "Chess.com"]
[Date "2023.11.28"]
[Round "1"]
[White "YQPerez"]
[Black "Bryanl106"]
[Result "1-0"]
[WhiteElo "2849"]
[BlackElo "2430"]
[TimeControl "180+1"]
[EndTime "14:07:04 PST"]
[Termination "YQPerez won by checkmate"]

1. e4 e5 2. Nf3 Nc6 3. Nc3 Nf6 4. Bb5 Nd4 5. Bc4 Nxf3+ 6. gxf3 Bc5 7. d3 h6 8. Rg1 g6 9. f4 d6 10. Qf3 c6 11. fxe5 dxe5 12. Be3 Be7 13. O-O-O b5 14. Bb3 c5 15. Nd5 Qd6 16. Bxc5 Qxc5 17. Nxf6+ Kd8 18. Nd5 Be6 19. Kb1 a5 20. Nxe7 Kxe7 21. Bxe6 Kxe6 22.
Qg4+ Ke7 23. Qh4+ Ke6 24. f4 exf4 25. Qxf4 Qe5 26. Qf2 Ke7 27. Rgf1 Qe6 28. Qc5+ Kd7 29. Qxb5+ Ke7 30. Rf2 Rhb8 31. Qc5+ Ke8 32. Rdf1 Rb7 33.
Rf6 Qc8 34. Rc6 Qd7 35. Qe5+ Qe7 36. Qc3 Qd7 37. b3 Rab8 38. Qh8+ Ke7 39. Qe5+ Kd8 40. Rd6 a4 41. Rxd7+ Kxd7 42. Rxf7+ Kc6 43. Rf6+ Kd7 44. Qe6+ Kc7 45. Qe7+ Kc8 46. Rf8# 1-0

[Event "Late-Titled-Tuesday-Blitz-November-28-2023"]
[Site "Chess.com"]
[Date "2023.11.28"]
[Round "1"]
[White "WPWPWP-2015"]
[Black "Mariia89"]
[Result "1-0"]
[WhiteElo "2535"]
[BlackElo "2155"]
[TimeControl "180+1"]
[EndTime "14:07:07 PST"]
[Termination "WPWPWP-2015 won on time"]

1. e4 c6 2. d4 d5 3. Nc3 dxe4 4.
Nxe4 Nf6 5. Nc3 Bg4 6. Be2 Bxe2 7. Ngxe2 e6 8. O-O Bd6 9. Bf4 O-O 10. h3 Na6 11. a3 Nc7 12. Qd2 Ncd5 13. Bg5 Be7 14. Rad1 Rc8 15. Ng3 Qb6 16. Na4 Qd8 17. c4 Nb6 18. Nxb6 Qxb6 19. b4 Rfd8 20. Be3 Qa6 21. Qc3 h6 22. Qb3 Bd6 23. Ne2 Ne4 24. a4 b6 25.
Rfe1 Qb7 26. b5 cxb5 27. axb5 Bb8 28. f3 Nf6 29. Rc1 g5 30. Bf2 Nh5 31. c5 Qc7 32. g3 bxc5 33. dxc5 Qe5 34. Nf4 Qxf4 35. gxf4 Nxf4 36. Rcd1 Nxh3+ 37. Kf1 Re8 38. c6 Bf4 39. Rd7 h5 40. Bd4 h4 41. Ba1 Bg3 42.
Re5 1-0

[Event "Late-Titled-Tuesday-Blitz-November-28-2023"]
[Site "Chess.com"]
[Date "2023.11.28"]
[Round "1"]
[White "TigrVShlyape"]
[Black "PositionalPanther"]
[Result "1-0"]
[WhiteElo "2977"]
[BlackElo "2476"]
[TimeControl "180+1"]
[EndTime "14:07:08 PST"]
[Termination "TigrVShlyape won by resignation"]

1. d4 d6 2. e4 Nf6 3. Bd3 g6 4. Nf3 Bg7 5. O-O O-O 6. c3 Bg4 7. Nbd2 e5 8. h3 Bxf3 9. Nxf3 Nc6 10. Re1 Nd7 11. Bg5 Qe8 12. Bc4 Kh8 13. dxe5 Ncxe5 14. Nxe5 dxe5 15. Qb3 Nb6 16. Bb5 c6 17. Bf1 f6 18. Be3 Qf7 19. Red1 Qc7 20. a4 Rad8 21. a5 Nc8 22. a6 b6 23. f3 Rxd1 24. Rxd1 Rd8 25.
Rxd8+ Qxd8 26. Qe6 c5 27. Bc4 h5 28. Kh2 Kh7 29. Bd5 h4 30. c4 Nd6 31. Bf2 f5 32. Be3 f4 33. Bf2 Qf6 34. Qd7 Kh6 35. Qxa7 b5 36.
Qxc5 Nxc4 37. a7 Ne3 38. a8=Q Nf1+ 39. Kg1 1-0

[Event "Late-Titled-Tuesday-Blitz-November-28-2023"]
[Site "Chess.com"]
[Date "2023.11.28"]
[Round "1"]
[White "Meri-Arabidze"]
[Black "becemix"]
[Result "0-1"]
[WhiteElo "2677"]
[BlackElo "2381"]
[TimeControl "180+1"]
[EndTime "14:07:08 PST"]
[Termination "becemix won on time"]

1. Nf3 d5 2. b3 Nf6 3. e3 Bg4 4. Bb2 Nc6 5. h3 Bxf3 6. Qxf3 e5 7. Bb5 Bd6 8. c4 O-O 9. cxd5 Nb4 10. Qd1 a6 11. Be2 e4 12. O-O Nbxd5 13. Nc3 Be5 14.
Rc1 c6 15. a3 Re8 16. Qc2 Qd6 17. Rfd1 Nxc3 18. dxc3 Qe6 19. a4 h5 20. a5 h4 21. Bc4 Qf5 22. f4 Bc7 23. b4 g5 24.
Qf2 gxf4 25. Qxh4 Kg7 26. exf4 Rh8 27. Qg3+ Kf8 28. Rf1 Rd8 29. Ba3 Rd2 30. Qg5 Rg8 31. b5+ Ke8 32. bxa6 bxa6 0-1

[Event "Late-Titled-Tuesday-Blitz-November-28-2023"]
[Site "Chess.com"]
[Date "2023.11.28"]
[Round "1"]
[White "Jesseinkman"]
[Black "Hrant_ChessMood"]
[Result "0-1"]
[WhiteElo "2471"]
[BlackElo "2939"]
[TimeControl "180+1"]
[EndTime "14:07:10 PST"]
[Termination "Hrant_ChessMood won on time"]

1. e4 e5 2. Nf3 Nc6 3. Nc3 Nf6 4. d4 exd4 5. Nxd4 Bc5 6. Be3 Bb6 7. Nxc6 bxc6 8. Bxb6 axb6 9. Bd3 d6 10. O-O O-O 11.
Re1 Ng4 12. h3 Ne5 13. f4 Ng6 14. Qf3 Qh4 15. Rf1 Bd7 16. a3 Rae8 17. Qf2 Qxf2+ 18. Rxf2 h5 19. f5 Ne5 20. f6 Re6 21. Raf1 Rxf6 22.
Rxf6 gxf6 23. Rxf6 Kg7 24. Rf2 h4 25. Ne2 Rh8 26. Nd4 c5 27. Nf3 Ng6 28. Ng5 f6 29.
Nf3 Re8 30. Nd2 Bc6 31. b4 Ra8 32. Nc4 Bd7 33. Ne3 Be6 34. Nf5+ Bxf5 35. exf5 Ne5 36. bxc5 bxc5 37. Rf4 Rxa3 38. Rxh4 d5 39. Bb5 c6 40.
Bf1 c4 41. Rd4 Ra2 42. Rd2 c3 43. Rf2 d4 44. g4 c5 45. Kg2 c4 46. Kg3 d3 47.
cxd3 Rxf2 48. Kxf2 c2 0-1

[Event "Late-Titled-Tuesday-Blitz-November-28-2023"]
[Site "Chess.com"]
[Date "2023.11.28"]
[Round "1"]
[White "MKlose11"]
[Black "randomo"]
[Result "1-0"]
[WhiteElo "2614"]
[BlackElo "2322"]
[TimeControl "180+1"]
[EndTime "14:07:10 PST"]
[Termination "MKlose11 won by resignation"]

1. e4 e5 2. Nf3 Nc6 3. d4 exd4 4.
Bc4 d6 5. Nxd4 Nf6 6. Nc3 Be7 7. O-O O-O 8. a4 Nxe4 9. Nxe4 d5 10. Nxc6 bxc6 11. Bd3 dxe4 12. Bxe4 Bd7 13. Bf4 Rb8 14.
b3 Rb4 15. Qf3 f5 16. Bd3 Bd6 17. Bc4+ Kh8 18. Rad1 Qf6 19. Bd2 Rbb8 20. Bc3 Qh6 21. h3 Rbe8 22. Rfe1 Qg6 23. Bd4 c5 24. Bc3 Bc6 25.
Bd5 Bxd5 26. Qxd5 f4 27. Qd3 Qg5 28. Qf3 Qf5 29. Rd3 Rxe1+ 30. Bxe1 c4 31. bxc4 Qc5 32. Qd5 Qb6 33. Bc3 Qb1+ 34. Rd1 Qxc2 35. Qd4 Qg6 36. c5 f3 37. Qxg7+ Qxg7 38. Bxg7+ Kxg7 39. cxd6 cxd6 40. Rxd6 Rf4 41. Rd7+ 1-0

[Event "Late-Titled-Tuesday-Blitz-November-28-2023"]
[Site "Chess.com"]
[Date "2023.11.28"]
[Round "1"]
[White "Herman-NY"]
[Black "GMBenjaminBok"]
[Result "1-0"]
[WhiteElo "2499"]
[BlackElo "2992"]
[TimeControl "180+1"]
[EndTime "14:07:11 PST"]
[Termination "Herman-NY won by checkmate"]

1. e4 c5 2. Nf3 d6 3. d4 cxd4 4. Nxd4 Nf6 5. Nc3 a6 6. Bc4 e6 7. a3 b5 8. Ba2 Bb7 9. Qe2 Nbd7 10. Bd2 Nc5 11. f3 Be7 12. O-O-O O-O 13. g4 Rb8 14. g5 Nfd7 15. h4 Ba8 16. b4 Na4 17. Nxa4 bxa4 18.
Rdg1 Nb6 19. h5 d5 20. e5 Nc4 21. g6 Qb6 22. gxh7+ Kxh7 23. Qg2 Rg8 24. Qg6+ Kh8 25.
c3 Nxe5 26. Bb1 f5 27. Bf4 Qc7 28. Bxe5 Qxc3+ 29. Bc2 Qe3+ 30. Kb1 Qxe5 31. h6 Bh4 32. Rxh4 Rxb4+ 33. axb4 Rb8 34. hxg7+ Kg8 35. Rh8# 1-0

[Event "Late-Titled-Tuesday-Blitz-November-28-2023"]
[Site "Chess.com"]
[Date "2023.11.28"]
[Round "1"]
[White "Alohamora11"]
[Black "GAO"]
[Result "1-0"]
[WhiteElo "2578"]
[BlackElo "2248"]
[TimeControl "180+1"]
[EndTime "14:07:11 PST"]
[Termination "Alohamora11 won by checkmate"]

1. e4 c5 2. Nf3 Nc6 3. d4 cxd4 4.
Nxd4 g6 5. c4 Bg7 6. Be3 Qb6 7.
Nb3 Qd8 8. Nc3 Bxc3+ 9. bxc3 Nf6 10. Bd3 d6 11. f3 O-O 12. O-O Be6 13. c5 d5 14. Nd4 Ne5 15. Nxe6 fxe6 16. Bd4 Nc6 17. e5 Nd7 18. f4 Qa5 19. Qg4 Rf7 20. Rab1 Nxc5 21. Rb5 Nxd3 22. Rxa5 Nxa5 23. Qxe6 Nc6 24.
Qxd5 Rd8 25. Qc4 Nb2 26. Qb3 Nd3 27. Qxb7 Nxd4 28. cxd4 Nxf4 29. g3 Ne2+ 30. Kg2 Nxd4 31. Rxf7 Kxf7 32. Qxa7 Nf5 33. Qa5 Rc8 34. Qd5+ Kg7 35.
Qd7 Rc2+ 36. Kg1 Rxa2 37. g4 Ra1+ 38. Kf2 Ra2+ 39. Ke1 Ne3 40. Qxe7+ Kh6 41. Qh4+ Kg7 42. Qf6+ Kh6 43. Qf4+ g5 44. Qf6# 1-0

[Event "Late-Titled-Tuesday-Blitz-November-28-2023"]
[Site "Chess.com"]
[Date "2023.11.28"]
[Round "1"]
[White "AlexPapasimakopoulos"]
[Black "AEMEffi"]
[Result "1-0"]
[WhiteElo "2674"]
[BlackElo "2353"]
[TimeControl "180+1"]
[EndTime "14:07:14 PST"]
[Termination "AlexPapasimakopoulos won on time"]

1. d4 d5 2. c4 c6 3. cxd5 cxd5 4. Bf4 Nf6 5. Nc3 Nc6 6. e3 a6 7. Bd3 e6 8. Rc1 Bd6 9. Bxd6 Qxd6 10. f4 O-O 11.
Nf3 b5 12. Ne5 Bb7 13. O-O Ne7 14. Qf3 Rac8 15. g4 b4 16. g5 Ne8 17. Qh3 f5 18. Ne2 g6 19. Rxc8 Nxc8 20. Rc1 Ng7 21. Qh6 Ne7 22.
h4 Rc8 23. Rd1 a5 24. Ng3 Ba6 25. Bxa6 Qxa6 26. h5 b3 27. axb3 Qb5 28. hxg6 hxg6 29. Kf2 Rc2+ 30. Kf3 Qxb3 31. Rh1 Kf8 32. Nxg6+ Nxg6 33. Qxg6 Qxb2 34. Rh8+ Ke7 35. Qxg7+ Kd6 36. Rd8+ Kc6 37.
Qd7+ 1-0

[Event "Late-Titled-Tuesday-Blitz-November-28-2023"]
[Site "Chess.com"]
[Date "2023.11.28"]
[Round "1"]
[White "YellowJacek"]
[Black "Alexei_Gubajdullin"]
[Result "1/2-1/2"]
[WhiteElo "2357"]
[BlackElo "2657"]
[TimeControl "180+1"]
[EndTime "14:07:14 PST"]
[Termination "Game drawn - insufficient material"]

1. e4 g6 2. d4 Bg7 3. Nf3 d6 4. Bc4 e6 5. Qe2 Nd7 6. e5 dxe5 7. dxe5 Ne7 8. O-O h6 9. Nc3 g5 10. h3 Ng6 11. Rd1 Qe7 12. Nb5 Ndxe5 13. Nxe5 Nxe5 14. f4 Qc5+ 15. Be3 Qxc4 16. Qxc4 Nxc4 17. Nxc7+ Kf8 18. Bc5+ Kg8 19. Nxa8 Bxb2 20. Rab1 Bf6 21. fxg5 hxg5 22. Nc7 b6 23. Bd4 Kg7 24. Bxf6+ Kxf6 25. Nb5 Bb7 26. Rd4 Bd5 27. Nc3 Ke5 28. Rd3 Bc6 29. Re1+ Kf5 30. Rf1+ Kg6 31. Rd4 Ne5 32. Ne4 Bd5 33. Nf6 Bxa2 34. Nd7 Nc6 35. Rd6 Bd5 36. c4 Be4 37. Nf6 Ne5 38. Nxe4 Nxc4 39. Rd7 f5 40. Nd6 Ne3 41. Re7 Nxf1 42. Kxf1 Kf6 43. Rxa7 Rd8 44. Nc4 b5 45. Na5 Rd1+ 46. Ke2 Ra1 47.
Nc6 Rxa7 48. Nxa7 Ke5 49. Nxb5 Kf4 50. Nc3 Kg3 51. Kf1 g4 52. Ne2+ Kh4 53. hxg4 Kxg4 54. Kf2 e5 55. g3 f4 56. gxf4 exf4 57. Nxf4 1/2-1/2

[Event "Late-Titled-Tuesday-Blitz-November-28-2023"]
[Site "Chess.com"]
[Date "2023.11.28"]
[Round "1"]
[White "PawnEatingZombie"]
[Black "BigAl"]
[Result "0-1"]
[WhiteElo "2178"]
[BlackElo "2544"]
[TimeControl "180+1"]
[EndTime "14:07:15 PST"]
[Termination "BigAl won on time"]

1. e4 c6 2. Nf3 d5 3. exd5 cxd5 4. Ne5 Nd7 5. d4 e6 6. Bd3 Nxe5 7. dxe5 Ne7 8. O-O Nc6 9. f4 g6 10. Nd2 Bc5+ 11.
Kh1 O-O 12. Nf3 Bd7 13. Qe1 Qb6 14. Qh4 Be7 15. Qh6 Nb4 16. f5 exf5 17. Bg5 f6 18. exf6 Bxf6 19. Rae1 Bg7 20. Qh4 Nxd3 21. cxd3 Rae8 22.
Be7 Bf6 23. Ng5 Bxg5 24. Bxg5 h5 25. Bf4 Qf6 26. Qg3 h4 27. Qf2 h3 28. d4 hxg2+ 29.
Kxg2 Re4 30. Be5 Qg5+ 31. Kh1 Rg4 32. Rg1 f4 33. Qd2 Bf5 34. Rxg4 Qxg4 35. Bxf4 Be4+ 0-1

[Event "Late-Titled-Tuesday-Blitz-November-28-2023"]
[Site "Chess.com"]
[Date "2023.11.28"]
[Round "1"]
[White "chessisveryfun1264"]
[Black "lluiss"]
[Result "0-1"]
[WhiteElo "2522"]
[BlackElo "2192"]
[TimeControl "180+1"]
[EndTime "14:07:15 PST"]
[Termination "lluiss won by checkmate"]

1. c4 Nf6 2. Nf3 g6 3. g3 Bg7 4. Bg2 O-O 5. O-O c6 6. b3 Ne4 7.
d4 d5 8. Bb2 dxc4 9. bxc4 c5 10.
e3 Nc6 11. Nbd2 Nxd2 12. Qxd2 cxd4 13. exd4 Bg4 14. d5 Bxf3 15. Bxf3 Ne5 16. Bg2 Nxc4 17.
Qc2 Nxb2 18. Rab1 Rc8 19. Qe2 Qb6 20. Qxe7 Rfe8 21. Qg5 Qd8 22. Qg4 Qd6 23. Rfe1 Rxe1+ 24. Rxe1 Rd8 25. Re3 b5 26. Rb3 a6 27. Qf3 Nc4 28. a4 Nd2 29. Qd3 Nxb3 30. Qxb3 bxa4 31. Qxa4 h6 32.
Qa5 Rd7 33. h3 f5 34. Qe1 Kh7 35. h4 Bd4 36. Qd2 Qc5 37. Qe2 Bxf2+ 38. Kh2 Qe3 39. Qf1 Qxg3+ 40. Kh1 Qxh4+ 41. Bh3 Qg3 42. Bg2 f4 43.
Bh3 Rxd5 44. Bg4 Qxg4 45. Qg2 Rh5+ 46. Qh2 Qg1# 0-1

[Event "Late-Titled-Tuesday-Blitz-November-28-2023"]
[Site "Chess.com"]
[Date "2023.11.28"]
[Round "1"]
[White "kingofthenil"]
[Black "PoXerStar"]
[Result "1-0"]
[WhiteElo "2720"]
[BlackElo "2389"]
[TimeControl "180+1"]
[EndTime "14:07:19 PST"]
[Termination "kingofthenil won on time"]

1. e4 c6 2. d3 d5 3. c3 e5 4. Nf3 Bd6 5. d4 dxe4 6. dxe5 Bc7 7. Qxd8+ Bxd8 8. Ng5 Bf5 9. Bc4 Bxg5 10. Bxg5 Nd7 11. Bf4 Ne7 12. Bg3 Ng6 13. e6 Bxe6 14. Bxe6 fxe6 15.
Nd2 Nc5 16. Ke2 O-O-O 17. b4 Nd3 18. Nxe4 Ngf4+ 19. Bxf4 Nxf4+ 20. Kf3 Rhf8 21. Rhd1 Rd5 22. g3 Nd3+ 23. Ke3 Ne5 24. Ke2 Kc7 25. f4 Nc4 26. Ng5 Re8 27. h4 e5 28. f5 e4 29. Ne6+ Kd6 30.
Nxg7 Rg8 31. f6 Ne5 32. Rxd5+ cxd5 33. Rf1 Nf7 34. g4 h6 35. Rf5 a6 36. Ke3 1-0

[Event "Late-Titled-Tuesday-Blitz-November-28-2023"]
[Site "Chess.com"]
[Date "2023.11.28"]
[Round "1"]
[White "Chemim21"]
[Black "OPQRC"]
[Result "0-1"]
[WhiteElo "2218"]
[BlackElo "2559"]
[TimeControl "180+1"]
[EndTime "14:07:19 PST"]
[Termination "OPQRC won on time"]

1. d4 Nf6 2. Bf4 d5 3. e3 c5 4. c3 Nc6 5. Nd2 Bf5 6. Qb3 Qc8 7. Ngf3 e6 8. Bb5 Be7 9. Ne5 O-O 10. O-O Nxe5 11.
Bxe5 a6 12. Be2 c4 13. Qd1 b5 14. f3 a5 15. g4 Bg6 16. h4 h5 17. Bxf6 Bxf6 18.
g5 Be7 19. f4 Bf5 20. Bxh5 g6 21. Bg4 Kg7 22. Bxf5 exf5 23. Nf3 Qe6 24. Qe2 Rh8 25.
Kg2 b4 26. Rh1 Rab8 27. Ne5 a4 28. h5 gxh5 29. Rxh5 a3 30. cxb4 axb2 31. Rah1 c3 32. Rh6 Rxh6 33. Rxh6 b1=Q 0-1

[Event "Late-Titled-Tuesday-Blitz-November-28-2023"]
[Site "Chess.com"]
[Date "2023.11.28"]
[Round "1"]
[White "German_Bazeev"]
[Black "giomar27"]
[Result "1-0"]
[WhiteElo "2807"]
[BlackElo "2425"]
[TimeControl "180+1"]
[EndTime "14:07:20 PST"]
[Termination "German_Bazeev won by resignation"]

1. e4 e5 2. Nf3 Nc6 3. Bb5 a6 4. Ba4 Bc5 5. Bxc6 dxc6 6. d3 f6 7. Be3 Bb6 8. Bxb6 cxb6 9. h3 Ne7 10. Qd2 O-O 11. Nc3 Be6 12. d4 exd4 13. Nxd4 Bf7 14. O-O-O Qc7 15. Nde2 Rad8 16. Qf4 Qxf4+ 17. Nxf4 b5 18. b3 g5 19. Rxd8 Rxd8 20. Nd3 b6 21. h4 h6 22. hxg5 hxg5 23. e5 f5 24. f4 g4 25. g3 c5 26. Rd1 Nc6 27. Ne2 b4 28. Nf2 Rxd1+ 29. Nxd1 b5 30. Ne3 Be6 31. Kd2 a5 32. Nc1 c4 33. Ng2 Nd4 34. Ne1 Kf7 35. Ke3 Nc6 36. Ne2 a4 37. Nd4 Nxd4 38. Kxd4 cxb3 39.
cxb3 axb3 40. axb3 Bxb3 41. Nd3 Ke6 42. Nxb4 Bd1 43.
Kc5 Be2 44. Nc6 Bd3 45. Nd4+ Ke7 46. Nxb5 Be4 47. Nd4 Kf7 48. Kd6 Ke8 49. e6 1-0

[Event "Late-Titled-Tuesday-Blitz-November-28-2023"]
[Site "Chess.com"]
[Date "2023.11.28"]
[Round "1"]
[White "Dr_crypt"]
[Black "gahryman"]
[Result "1/2-1/2"]
[WhiteElo "2371"]
[BlackElo "2682"]
[TimeControl "180+1"]
[EndTime "14:07:21 PST"]
[Termination "Game drawn by repetition"]

1. Nf3 Nf6 2. d4 e6 3. c4 d5 4. Nbd2 c5 5. cxd5 exd5 6. g3 Nc6 7. Bg2 c4 8. O-O Bd6 9. b3 c3 10. Nb1 Ne4 11. a3 Bg4 12. Be3 Rc8 13. Qd3 Qa5 14. Rc1 Nb4 15. axb4 Qxa1 16. Nxc3 Qb2 17. Qb5+ Bd7 18.
Qxd5 Nxc3 19. Rxc3 Qxc3 20. Qxd6 Qa1+ 21. Bf1 Bh3 22.
Nd2 Rc1 23. Qb8+ Ke7 24. Qxb7+ Kf6 25. Ne4+ Kg6 26. Bxc1 Qxc1 27. Nd2 Rc8 28. Qe4+ Bf5 29. Qf4 f6 30. e4 Bh3 31. g4 Rc2 32. Qf5+ Kf7 33.
Qd7+ Kf8 34. Qd8+ Kf7 35. Qd7+ Kg6 36. Qf5+ Kf7 37. Qd7+ 1/2-1/2

[Event "Late-Titled-Tuesday-Blitz-November-28-2023"]
[Site "Chess.com"]
[Date "2023.11.28"]
[Round "1"]
[White "Msb2"]
[Black "Perecke"]
[Result "1/2-1/2"]
[WhiteElo "3029"]
[BlackElo "2495"]
[TimeControl "180+1"]
[EndTime "14:07:25 PST"]
[Termination "Game drawn - insufficient material"]

1. d4 Nf6 2. c4 e6 3. Nc3 d5 4. cxd5 exd5 5. Bg5 Be7 6. e3 O-O 7. Bd3 Re8 8. h3 h6 9. Bf4 c5 10. Nf3 Nc6 11. dxc5 d4 12. Ne2 Bxc5 13. exd4 Nxd4 14. Nxd4 Qxd4 15. Be3 Rxe3 16. fxe3 Qxe3 17. Qd2 Qf2+ 18. Kd1 Qxg2 19. Kc2 Nd5 20. Rae1 Bb4 21. Nc3 Bxh3 22. Be4 Bxc3 23. bxc3 Nb4+ 24. Kc1 Nxa2+ 25. Kc2 Nb4+ 26. Kc1 Na2+ 27. Kd1 Bg4+ 28. Kc2 Nb4+ 29. Kc1 Qxd2+ 30. Kxd2 Rd8+ 31. Kc1 Nd3+ 32. Bxd3 Rxd3 33. Kc2 Bf5 34.
Kb3 Bg6 35. Re7 Kh7 36. Rf1 h5 37. Rxb7 h4 38. Rxa7 h3 39. Ra4 Kh6 40. Rg1 Kh5 41. Ra8 Kh4 42. Ra4+ Kh5 43. Ra8 Kh4 44. Rh8+ Bh5 45.
Rxg7 h2 46. Rxh5+ Kxh5 47. Rh7+ Kg4 48. Rxh2 f5 49. Kc4 Rd8 50. Kb5 f4 51. c4 f3 52. Rh7 Rf8 53. Rh1 f2 54. Rf1 Kf3 55. c5 Ke2 56. Rxf2+ Kxf2 57. c6 Ke3 58. Kb6 Kd4 59.
c7 Kd5 60. Kb7 Kd6 61. c8=Q Rxc8 62. Kxc8 1/2-1/2